Map: Overgrown Facility

Players

MonstroTown - Winner!

  • Race: Terran Terran
  • Spawn Location: 7:00

Michael - Winner!

  • Race: Zerg Zerg
  • League: Gold
  • Spawn Location: 9:00

RabbitApex

  • Race: Protoss Protoss
  • League: Gold
  • Spawn Location: 1:00

PROTOStitute

  • Race: Protoss Protoss
  • League: Diamond
  • Spawn Location: 3:00

VOD

Have the link to the VOD?

Description

Time

  • Played on: Sept. 15, 2018, 1:31 p.m.
  • Length: 8:57
Show
View Real Time Build Order
Export as new Build Order

MonstroTown Terran - Winner!

Build Orders: Cyclone Opening 

Get SALT Encoding   

  12  0:01  SCV  
  13  0:13  SCV  
  14  0:18  Supply Depot  
  14  0:25  SCV  
  15  0:39  SCV  
  15  0:41  Barracks  
  16  0:47  Refinery  
  16  0:52  SCV  
  17  1:04  SCV  
  18  1:14  Refinery  
  18  1:16  SCV  
  19  1:28  Orbital Command  
  19  1:30  Reaper  
  20  1:55  Factory, SCV  
  21  2:03  Barracks Reactor  
  21  2:05  Supply Depot  
  21  2:11  SCV  
  22  2:24  SCV  
  22  2:46  SCV  
  22  2:49  Cyclone x2  
  28  2:59  SCV  
  28  3:00  Command Center  
  29  3:44  SCV  
  30  3:52  Supply Depot  
  30  3:53  Supply Depot  
  30  3:56  SCV  
  30  4:00  Command Center  
  31  4:07  Marine  
  31  4:08  Cyclone x2  
  38  4:11  SCV  
  38  4:14  Orbital Command  
  39  4:23  SCV  
  40  4:30  Starport  
  40  4:35  Barracks Tech Lab  
  40  4:41  SCV, Barracks  
  41  4:46  SCV  
  42  4:53  SCV  
  42  4:57  Stimpack  
  45  5:01  Cyclone  
  45  5:03  SCV  
  47  5:09  SCV  
  47  5:11  Engineering Bay  
  48  5:16  Orbital Command  
  48  5:27  Marauder  
  48  5:28  Barracks Reactor  
  50  5:32  Starport Reactor  
  50  5:40  Cyclone x2  
  55  5:59  Bunker, Marauder  
  55  6:01  Bunker  
  57  6:04  Bunker  
  57  6:05  Supply Depot  
  57  6:08  Supply Depot  
  57  6:11  Supply Depot  
  48  6:28  Marine  
  48  6:29  Marine x2  
  48  6:32  Medivac x2  
  55  6:47  Marauder  
  55  6:49  SCV x3  
  55  6:53  Liberator  
  46  7:01  SCV  
  44  7:12  Marine x3  
  44  7:15  Hellion x2  
  51  7:30  Marine  
  50  7:53  SCV x3  
  50  7:55  Missile Turret  
  50  7:56  Barracks x2  
  53  8:01  Engineering Bay  
  53  8:02  Armory  
  53  8:28  Marine x3  
  53  8:32  SCV x3  
  65  8:44  SCV x2  
  65  8:45  Refinery  
  65  8:46  Barracks x2  
  65  8:47  Refinery  
  71  8:51  Barracks Reactor  
Show
View Real Time Build Order
Export as new Build Order

Michael Zerg - Winner!

Build Orders: Hatch First 

Get SALT Encoding   

  12  0:01  Drone  
  13  0:12  Overlord  
  13  0:18  Drone  
  14  0:31  Drone x2  
  14  0:34  Drone  
  17  0:45  Drone  
  18  0:58  Hatchery  
  18  1:01  Drone  
  18  1:07  Extractor  
  17  1:16  Spawning Pool  
  16  1:19  Drone  
  17  1:28  Drone  
  17  1:29  Drone  
  19  1:52  Drone  
  19  1:53  Overlord  
  20  2:02  Queen  
  22  2:12  Queen  
  22  2:13  Metabolic Boost  
  24  2:15  Zergling x4  
  24  2:19  Zergling x2  
  27  2:23  Drone  
  27  2:26  Drone  
  29  2:31  Extractor  
  29  2:32  Drone  
  29  2:34  Drone  
  30  2:42  Drone  
  31  2:48  Roach Warren  
  30  2:53  Drone  
  30  2:54  Drone  
  31  3:00  Drone  
  31  3:04  Zergling x2  
  33  3:24  Drone x3  
  36  3:28  Overlord x2  
  36  3:42  Hatchery  
  36  3:46  Drone x2  
  37  3:49  Drone  
  38  3:56  Lair  
  38  3:59  Drone  
  39  4:06  Queen  
  41  4:13  Spore Crawler  
  41  4:14  Drone  
  41  4:15  Drone  
  42  4:18  Drone  
  42  4:20  Drone  
  42  4:23  Drone  
  45  4:25  Drone  
  45  4:29  Overlord  
  46  4:38  Evolution Chamber  
  45  4:42  Drone  
  45  4:43  Drone x3  
  45  4:44  Drone  
  50  4:56  Glial Reconstitution  
  50  5:02  Spire  
  50  5:04  Hydralisk Den  
  50  5:06  Zerg Ground Armor Level 1  
  48  5:11  Drone  
  48  5:12  Drone  
  48  5:13  Evolution Chamber  
  49  5:14  Drone  
  49  5:16  Drone  
  49  5:18  Drone  
  52  5:31  Queen  
  52  5:32  Drone x5  
  58  5:37  Roach x2  
  58  5:39  Roach  
  58  5:42  Roach  
  66  5:45  Overlord  
  66  5:48  Overlord  
  66  5:53  Overlord  
  66  5:54  Overlord  
  66  6:04  Roach x3  
  66  6:05  Roach  
  66  6:06  Hydralisk  
  66  6:08  Hydralisk  
  78  6:11  Muscular Augments  
  78  6:14  Zerg Missile Weapons Level 1  
  78  6:15  Zergling x2  
  78  6:16  Zergling x2  
  80  6:23  Roach x3  
  84  6:28  Roach  
  84  6:32  Zergling x12  
  91  6:35  Zergling x2  
  90  7:09  Roach x4  
  90  7:12  Overlord x4  
  93  7:26  Hydralisk x4  
  97  7:38  Hydralisk x2  
  97  7:40  Zergling x2  
  97  7:41  Zergling x10  
  107  7:50  Hatchery  
  106  7:53  Hydralisk  
  106  7:55  Zergling x14  
  115  8:09  Hydralisk x2  
  115  8:12  Hatchery  
  116  8:16  Zergling x12  
  119  8:31  Hydralisk x2  
Show
View Real Time Build Order
Export as new Build Order

RabbitApex Protoss 

Build Orders:  

Get SALT Encoding   

  12  0:02  Probe  
  13  0:14  Probe  
  14  0:23  Pylon  
  14  0:26  Probe  
  15  0:41  Probe, Gateway  
  16  0:53  Probe, Assimilator  
  17  1:05  Probe  
  18  1:24  Probe  
  19  1:28  Zealot  
  21  1:37  Pylon  
  21  1:38  Cybernetics Core  
  21  1:41  Gateway  
  21  1:44  Probe  
  22  1:56  Warp Gate  
  22  1:58  Pylon  
  24  2:24  Adept  
  24  2:28  Stalker  
  26  2:42  Gateway  
  26  2:44  Pylon  
  26  2:48  Gateway  
  26  2:53  Probe  
  26  2:55  Assimilator  
  27  3:02  Adept  
  27  3:03  Adept  
  31  3:12  Pylon  
  30  3:30  Gateway  
  30  4:06  Stalker x3  
  36  4:32  Adept x4  
  44  4:50  Nexus  
  44  4:55  Pylon  
  44  4:57  Probe  
  44  4:58  Pylon  
  45  5:06  Probe  
  46  5:14  Probe  
  47  5:23  Probe  
  47  5:24  Adept x2  
  52  5:48  Probe  
  53  5:53  Robotics Facility  
  53  6:00  Probe  
  50  6:13  Probe  
  51  6:25  Probe  
  46  6:39  Stalker  
  48  6:40  Stalker x2  
  48  7:06  Adept x3  
  48  7:07  Adept  
  44  7:21  Immortal  
  48  7:25  Robotics Facility  
  44  7:43  Stalker x2  
  44  7:44  Stalker x2  
  50  7:50  Probe x2  
  54  7:54  Assimilator  
  54  7:58  Assimilator  
  54  8:02  Probe  
  54  8:04  Twilight Council  
  55  8:18  Probe x2  
  57  8:30  Probe  
  57  8:31  Probe  
  57  8:32  Stalker x3  
Show
View Real Time Build Order
Export as new Build Order

PROTOStitute Protoss 

Build Orders:  

Get SALT Encoding   

  12  0:01  Probe  
  13  0:14  Pylon  
  13  0:18  Probe  
  14  0:30  Probe  
  14  0:34  Gateway  
  15  0:45  Probe  
  15  0:49  Assimilator  
  16  0:58  Probe  
  17  1:19  Probe  
  17  1:24  Cybernetics Core  
  18  1:28  Probe  
  19  1:36  Probe  
  19  1:43  Assimilator  
  20  1:48  Probe  
  21  1:54  Pylon  
  21  2:00  Forge  
  21  2:01  Pylon  
  21  2:07  Probe  
  21  2:08  Warp Gate  
  22  2:16  Probe  
  23  2:29  Stargate  
  23  2:41  Photon Cannon  
  23  2:55  Shield Battery  
  23  3:00  Shield Battery x2  
  23  3:04  Photon Cannon  
  23  3:06  Pylon  
  23  3:13  Probe  
  28  3:32  Pylon  
  28  3:39  Pylon  
  24  3:50  Gateway  
  24  3:51  Gateway  
  24  3:52  Sentry, Gateway  
  26  4:12  Nexus  
  26  4:24  Pylon  
  26  4:37  Probe  
  26  4:45  Adept, Probe  
  29  4:47  Stalker  
  29  4:49  Stalker  
  34  4:54  Sentry  
  34  4:56  Probe  
  36  5:04  Probe  
  38  5:14  Pylon  
  38  5:16  Pylon  
  38  5:25  Sentry  
  38  5:26  Sentry x3  
  46  5:39  Probe x2  
  47  5:47  Probe x2  
  47  5:49  Twilight Council  
  48  5:52  Protoss Ground Armor Level 1  
  50  6:35  Stalker  
  50  6:36  Stalker x3  
  48  7:08  Stalker x3  
  48  7:09  Stalker  
  48  7:13  Probe x2  
  52  7:31  Probe  
  52  7:33  Stalker x3  
  52  7:34  Probe  
  60  7:38  Assimilator  
  60  7:39  Probe, Assimilator  
  61  7:46  Probe  
  61  7:49  Probe  
  63  7:59  Probe, Stalker x3  
  70  8:30  Stalker x2  
  70  8:32  Probe x2  
  64  8:42  Nexus  
  64  8:43  Sentry  
  64  8:44  Probe  
Tags
 
Add a new tag
Caveats
  • Supply blocks, unpowered buildings, or Contaminate may cause inaccurate times.
  • Supply counts are checked every 10 seconds.